AoeStats
← TW_Jerry YT @TW-aoe2noobs

Lombardia

508430155Analyzed
4v4 RM · 10d ago on Sep 22, 2026· 44m 27s· 8 players
Game mode
Random Map
Map size
Large (8 player)
Population
200
Speed
Normal
Resources
Standard
Victory
Conquest
Starting age
Dark Age
Ending age
Imperial Age
RankedLock teamsTeams togetherTeam positionsShared explorationLock speedFull tech treeHidden civsTurbo modeCheats
Victory
Defeat
1623
+9
🇹🇼 Huns · Taiwan
1480
+15
🇹🇼 Mapuche · Taiwan
1369
+19
1249
+24
🇹🇼 Berbers · Taiwan
1462
-17
🇧🇷 Persians · Brazil
1462
-17
🇨🇳 Cumans · China
1457
-17
🇹🇼 Khmer · Taiwan
1427
-16
Captain Jack Sparrow
10:45 Feudal Age
11:57 Double-Bit Axe
12:44 Horse Collar
16:55 Castle Age
16:37 Fletching
17:33 Bodkin Arrow
19:33 Wheelbarrow
23:49 Bow Saw
24:10 Loom
24:41 Hand Cart
24:12 Town Watch
25:31 Gold Mining
31:12 Imperial Age
29:11 Ballistics
29:35 Padded Archer Armor
31:19 Elite Bolas Rider
32:53 Heavy Plow
32:46 Stone Mining
37:29 Leather Archer Armor
38:26 Chemistry
38:31 Malon
39:01 Conscription
42:50 Caravan
44:37 Ring Archer Armor
44:52 Coinage
Benjamin
5:42 Loom
11:01 Feudal Age
12:12 Double-Bit Axe
15:37 Castle Age
13:52 Horse Collar
16:36 Bow Saw
17:50 Wheelbarrow
17:31 Heavy Plow
21:31 Town Watch
24:47 Hand Cart
24:32 Stone Mining
24:36 Gold Mining
30:46 Imperial Age
28:54 Gold Shaft Mining
28:33 Bloodlines
28:23 Husbandry
28:45 Scale Barding Armor
28:50 Forging
29:26 Marauders
29:46 Chain Barding Armor
31:35 Iron Casting
30:49 Elite Tarkan
31:49 Conscription
32:35 Plate Barding Armor
34:12 Blast Furnace
43:54 Two-Man Saw
TW_Jerry YT @TW-aoe2noobs
8:41 Feudal Age
7:38 Loom
9:15 Double-Bit Axe
9:50 Horse Collar
14:12 Scale Barding Armor
20:01 Castle Age
18:41 Gold Mining
18:47 Fletching
19:45 Bloodlines
20:43 Bodkin Arrow
21:24 Padded Archer Armor
22:46 Husbandry
27:09 Ballistics
30:18 Wheelbarrow
35:15 Imperial Age
33:45 Thumb Ring
34:20 Leather Archer Armor
35:14 Bow Saw
35:59 Bracer
35:28 Heavy Cavalry Archer
37:16 Chemistry
37:34 Conscription
38:11 Parthian Tactics
39:36 Onager
42:01 Drill
41:59 Siege Engineers
無處安放的驚慌失措
10:29 Feudal Age
14:44 Castle Age
13:01 Double-Bit Axe
13:00 Horse Collar
15:05 Gold Mining
15:43 Scale Barding Armor
15:26 Loom
17:51 Bloodlines
21:05 Chain Barding Armor
22:53 Husbandry
27:39 Wheelbarrow
29:56 Forging
35:59 Imperial Age
34:19 Iron Casting
34:03 Hand Cart
36:00 Scale Mail Armor
37:53 Plate Barding Armor
37:48 Chain Mail Armor
37:39 Tower Shields
37:59 Conscription
38:15 Hoardings
39:38 Chemistry
38:48 Masonry
40:32 Conscription
39:44 Elite Leitis
41:26 Conscription
42:04 Fletching
44:11 Cavalier
soundness27
10:47 Feudal Age
13:56 Castle Age
12:15 Double-Bit Axe
12:39 Horse Collar
22:27 Bow Saw
22:41 Heavy Plow
24:19 Wheelbarrow
23:55 Loom
26:48 Town Watch
27:20 Hand Cart
31:32 Imperial Age
32:27 Ballistics
35:01 Chemistry
34:36 Double Crossbow
34:48 Siege Engineers
36:23 Heavy Scorpion
Perseu
10:20 Feudal Age
13:53 Castle Age
12:21 Double-Bit Axe
12:29 Horse Collar
19:51 Loom
20:58 Bow Saw
22:14 Wheelbarrow
23:15 Gold Mining
28:35 Imperial Age
28:21 Scale Barding Armor
29:43 Gold Shaft Mining
28:59 Stone Mining
30:05 Hand Cart
31:27 Husbandry
32:26 Chain Barding Armor
35:23 Forging
35:54 Conscription
經典永不退流行
4:54 Loom
11:41 Feudal Age
16:19 Castle Age
15:10 Double-Bit Axe
22:00 Fletching
22:19 Horse Collar
23:10 Bow Saw
24:38 Wheelbarrow
25:11 Bodkin Arrow
26:47 Ballistics
29:21 Stone Mining
30:28 Padded Archer Armor
31:44 Bloodlines
31:34 Husbandry
35:17 Scale Barding Armor
35:23 Forging
37:58 Chain Barding Armor
38:55 Iron Casting
NorthOrigin
5:37 Loom
9:19 Feudal Age
13:23 Double-Bit Axe
14:51 Horse Collar
19:26 Wheelbarrow
19:09 Fletching
22:33 Castle Age
20:54 Stone Mining
22:00 Bloodlines
22:35 Gold Mining
23:36 Bodkin Arrow
25:39 Gold Shaft Mining
25:22 Padded Archer Armor
25:52 Ballistics
26:27 Bow Saw
27:11 Leather Archer Armor
32:04 Imperial Age
32:54 Thumb Ring
33:15 Parthian Tactics
33:22 Ring Archer Armor
33:54 Chemistry
35:01 Heavy Plow
35:47 Conscription
37:50 Elite Kipchak
40:44 Cuman Mercenaries
42:58 Murder Holes
Connection lost

Rejoining the realm…

Still unreachable

The connection could not be restored.

Session expired

The server has moved on; the page needs a fresh start.